 Dungeon Crawl Stone Soup version 0.31-a0-986-g5e6e4ef867 (webtiles) character file.

Game seed: 7746043837335542364

37 wildpjah the Ducker (level 3, 0/21 HPs)
             Began as a Tengu Gladiator on Nov 20, 2023.
             Succumbed to an adder's poison
             ... on level 2 of the Dungeon.
             The game lasted 00:01:23 (761 turns).

wildpjah the Ducker (Tengu Gladiator)                Turns: 761, Time: 00:01:23

Health: 0/21       AC:  3    Str: 14    XL:     3   Next: 39%
Magic:  4/4        EV: 13    Int:  8    God:
Gold:   63         SH:  0    Dex: 17    Spells: 2/2 levels left

rFire   + . .        a - +0 long sword
rCold   . . .        (no shield)
rNeg    . . .        b - +0 leather armour
rPois   .            c - +0 hat
rElec   .            (no cloak)
rCorr   .            (no gloves)
SInv    .            (boots unavailable)
Will    .....        (no amulet)
Stlth   +            h - ring of protection from cold
HPRegen 0.23/turn    l - ring of fire
MPRegen 0.09/turn

%: acrobat
@: brilliant, lethally poisoned (0 -> -7), attractive
A: beak, talons 3, acrobatic
a: no special abilities


You were on level 2 of the Dungeon.
You visited 1 branch of the dungeon, and saw 2 of its levels.

You collected 63 gold pieces.

Inventory:

Hand Weapons
 a - a +0 long sword (weapon)
Missiles
 d - 3 throwing nets (quivered)
 e - a javelin
Armour
 b - a +0 leather armour (worn)
 c - a +0 hat (worn)
Jewellery
 h - a ring of protection from cold (left hand)
 l - a ring of fire (right hand)
Scrolls
 g - 2 scrolls of identify {unknown}
 k - a scroll of revelation {unknown}
Potions
 f - a potion of brilliance
 j - a potion of might {unknown}


   Skills:
 + Level 2.2 Fighting
 + Level 3.8 Long Blades
 + Level 2.1 Throwing
 + Level 1.0 Armour
 + Level 3.8 Dodging


You had 2 spell levels left.
You didn't know any spells.
Your spell library contained the following spells:

 Spells                   Type           Power      Damage    Failure   Level
 Call Canine Familiar     Summ           0%         N/A       85%         3
 Sigil of Binding         Hex            0%         N/A       85%         3
 Dimensional Bullseye     Hex/Tloc       0%         N/A       99%         4
 Leda's Liquefaction      Hex/Erth       0%         N/A       99%         4


Dungeon Overview and Level Annotations

Branches:
Dungeon (2/15)

Altars:


Innate Abilities, Weirdness & Mutations

You have a beak for a mouth.
You have claws for feet.
You can magically evade attacks while moving or waiting.


Message History

The adder bites you.
You barely miss the adder.
The adder is heavily wounded.
The adder bites you. The adder closely misses you.
You hit the adder. Your kick misses the adder. Your peck misses the adder.
The adder is severely wounded.
The adder closely misses you. x2
You barely miss the adder.
The adder is severely wounded.
The adder misses you.
You miss the adder. You peck the adder.
The adder is almost dead.
The adder bites you.
You are poisoned.
The adder poisons you! The adder barely misses you.
You barely miss the adder.
The adder is almost dead.
You feel sick. The adder misses you.
You hit the adder but do no damage. Your kick misses the adder.
Your peck misses the adder.
The adder is almost dead.
You feel sick. The adder completely misses you. The adder bites you.
You are more poisoned.
The adder poisons you!
You barely miss the adder.
The adder is almost dead.
You feel sick. The adder barely misses you.
You miss the adder. Your kick misses the adder. Your peck misses the adder.
The adder is almost dead.
You feel sick. The adder bites you.
* * * LOW HITPOINT WARNING * * *
You are more poisoned.
The adder poisons you! The adder barely misses you.
It was a potion of brilliance.
You feel clever all of a sudden.
* * * LOW HITPOINT WARNING * * *
You feel sick. The adder misses you.
It was a potion of attraction.
You feel attractive to monsters.
You die...

###...........#
#.####.###### #.#
#.# #.# #.#####
.#.# #.....#
....###.###.#######
...............S...
..#.###<###.#######
#@###........
#S##.##.#.###
#g......#
#....[....#
....##.#......
#..#..##.#.##.##
#.....##.#.# .#
#......... .
.....##### .


You could see an adder and a goblin.

Vanquished Creatures
  A worm (D:2)
  2 dart slugs (D:1)
  2 endoplasms (D:1)
  5 hobgoblins (D:1)
  3 kobolds
  A quokka (D:1)
  3 ball pythons (D:1)
  3 bats (D:1)
  A frilled lizard (D:1)
  5 goblins
  3 rats (D:1)
29 creatures vanquished.

Notes
Turn   | Place    | Note
-------+----------+-------------------------------------------
     0 | D:1      | wildpjah the Tengu Gladiator began the quest for the Orb.
     0 | D:1      | Reached XP level 1. HP: 12/12 MP: 2/2
   146 | D:1      | Reached XP level 2. HP: 17/17 MP: 3/3
   377 | D:1      | Reached XP level 3. HP: 21/21 MP: 4/4
   419 | D:1      | Reached skill level 1 in Armour
   761 | D:2      | Succumbed to an adder's poison

Illustrated notes

Levels and vault maps discovered:
D:1:      dpeg_arrival_orchard, layout_loops_ring
D:2:      layout_basic, basic_altar

Skill      XL: |  1  2  3 |
---------------+----------+-----
Armour         | 1 |  1.0
Fighting       | |  2.2
Long Blades    | |  3.8
Throwing       | |  2.1
Dodging        | |  3.8

Action                     || total
---------------------------++-------
  Melee: Long sword        ||    62
         Kick              ||    14
         Peck              ||     4
    Use: Potion            ||     2
   Stab: Distracted        ||     1
         Sleeping          ||     1
 Armour: Leather armour    ||    23
  Dodge: Dodged            ||    47

Table legend: (Time is in decaauts)
 A = Elapsed time spent in this place.
 B = Non-inter-level travel time spent in this place.
 C = Inter-level travel time spent in this place.
 D = Time resting spent in this place.
 E = Time spent auto-exploring this place.
 F = Levels seen in this place.
 G = Mean time per level.
                   A        B        C        D        E       F      G
               +--------+--------+--------+--------+--------+-----+--------+
         Total |    773 |    758 |     15 |     33 |    534 |   2 |  386.5 |
       Dungeon |    773 |    758 |     15 |     33 |    534 |   2 |  386.5 |
               +--------+--------+--------+--------+--------+-----+--------+

Top non-repeatable levels by time:
     D:1: 684 daAuts
     D:2: 88 daAuts
